cohdb
Replays
Latest Replays
All Replays
Popular Replays
Top Player Replays
Match Explorer
How It Works
Community
CoH3 Stats
Reddit
Sign in to upload your games and track your stats! →
Sign in with Steam
Match 25239203
Unlisted
Match 25239203
Overview
Messages
Build Orders
End
Construct Barracks
Selects Advanced Infantry Battlegroup
Riflemen Squad
Riflemen Squad
M1 Mortar Team
Infantry Support Center
M1 Mortar Team
Selects Artillery Observers
Construct Weapon Support Center
M3 Armored Personnel Carrier
MostToxicCoHPlayer(InTraining)
Eber
LuiSBa
Vaseline
stanleY
全图连3全图率60%
0
0
Comments
sign in to comment!
No comments posted yet!